 Dungeon Crawl Stone Soup version 0.27-a0-780-geb8d7bc690 (webtiles) character file.

Game seed: 11254743306009338856

238 EnegeticOcto the Magician (level 6, -4/47 HPs)
             Began as a Djinni Ice Elementalist on Mar 26, 2021.
             Slain by an ogre
             ... wielding a +0 giant spiked club
              (25 damage)
             ... on level 4 of the Dungeon.
             The game lasted 00:06:46 (1219 turns).

EnegeticOcto the Magician (Djinni Ice Elementalist) Turns: 1219, Time: 00:06:47

Health: -4/47      AC:  9    Str:  7    XL:     6   Next: 7%
Gold:   39         EV: 31    Int: 19    God:
                   SH:  0    Dex: 13

rFire    + + .     SeeInvis .   g - wand of flame (22) {@v4}
rCold    x . .     Faith    .   (no shield)
rNeg     . . .     Spirit   .   a - +0 robe
rPois    ∞         Reflect  .   l - +0 helmet
rElec    .         Harm     .   (no cloak)
rCorr    .         Rampage  .   (no gloves)
Will     .....                  (boots unavailable)
Stlth    ++........             d - amulet of the acrobat
HPRegen  0.15/turn              f - +4 ring of evasion
MPRegen  0.00/turn              (no ring)

@: ice-armoured, acrobatic, frozen ramparts, flying
A: fire resistance 2, cold vulnerability 1, float, innate caster, hp casting,
extra vitality 1
a: no special abilities


You were on level 4 of the Dungeon.
You visited 1 branch of the dungeon, and saw 4 of its levels.

You collected 39 gold pieces.

Inventory:

Hand Weapons
 e - a +0 spear
   (You found it on level 1 of the Dungeon)
Missiles
 k - 3 boomerangs (quivered)
Armour
 a - a +0 robe (worn)
 l - a +0 helmet (worn)
   (You found it on level 4 of the Dungeon)
Jewellery
 d - an amulet of the acrobat (around neck)
   (You found it on level 1 of the Dungeon)
 f - a +4 ring of evasion (right hand)
   (You found it on level 2 of the Dungeon)
Wands
 g - a wand of flame (22) (in hand) {@v4}
   (You found it on level 2 of the Dungeon)
Potions
 c - a potion of haste {@q4 !q}
 h - 2 potions of mutation {unknown}
 m - a potion of heal wounds {unknown}
 n - a potion of attraction {unknown}


   Skills:
 + Level 3.9 Fighting
 - Level 2.1 Dodging
 - Level 1.5 Stealth
 + Level 5.0 Spellcasting


You couldn't memorise any spells.
You knew the following spells:

 Your Spells              Type           Power      Damage    Failure   Level
a - Freeze                Ice            92%        1d10      1%          1
b - Frozen Ramparts       Ice            46%        1d6       4%          3
c - Call Imp              Summ           23%        N/A       2%          2
d - Hailstorm             Conj/Ice       23%        3d7       16%         4
e - Summon Ice Beast      Ice/Summ       23%        N/A       16%         4
f - Summon Small Mammal   Summ           92%        N/A       1%          1
g - Ozocubu's Armour      Ice            23%        N/A       4%          3
Your spell library was empty.

Dungeon Overview and Level Annotations

Branches:
Dungeon (4/15)
 Temple: D:4-7

Altars:
Trog
Vehumet

Shops:
D:4 (


Innate Abilities, Weirdness & Mutations

You are immune to poison.
Your flesh is very heat resistant. (rF++)
You are vulnerable to cold. (rC-)
You float through the air rather than walking.
You learn spells naturally, not from books.
Your magical power is your life essence.
You have superior vitality. (+4 HP)


Message History

Robin's bangles clink loudly.
The wall freezes the goblin.
You kill the goblin!
The goblin misses you.
The wall freezes the hound.
The hound completely misses you.
An ogre comes into view. It is wielding a +0 giant spiked club.
Casting: Ozocubu's Armour (dangerous; 6% risk of failure)
Confirm with . or Enter, or press ? or * to list all spells.
Aiming: Freeze (safe; 1% risk of failure)
Press: ? - help, Shift-Dir - straight line, f - hound
Aim: a hound (lightly wounded)
Okay, then.
Okay, then.
Okay, then.
The wall freezes the hound.
The hound completely misses you.
The wall freezes the iguana.
The iguana seems to slow down.
The wall freezes the goblin.
The goblin completely misses you. x2
The wall freezes the goblin.
The wall freezes the hound but does no damage.
The hound misses you.
Your crimson imp blinks!
The wall freezes the goblin.
The goblin misses you. The goblin barely misses you.
The wall freezes the hound.
The hound barely misses you.
The wall freezes the goblin.
You kill the goblin!
The wall freezes the iguana!
The iguana seems to slow down.
The iguana completely misses you.
The wall freezes the hound.
The hound misses you.
The wall freezes the goblin.
You kill the goblin!
The wall freezes the hobgoblin.
The goblin closely misses you.
The frozen ramparts melt away.
The hound barely misses you. The iguana completely misses you.
The goblin misses you. The hound completely misses you.
The ogre misses your crimson imp. The hobgoblin completely misses you.
Casting: Freeze (safe; 1% risk of failure)
Confirm with . or Enter, or press ? or * to list all spells.
Casting: Frozen Ramparts (dangerous; 6% risk of failure)
Press: ? - help, Dir - look around, f - activate A rock wall.
The walls around you are covered in ice.
The wall freezes the hound.
The hound bites you. The goblin barely misses you.
The wall freezes the hobgoblin.
You kill the hobgoblin!
The wall freezes the goblin.
The wall freezes the iguana!
You kill the iguana!
Your crimson imp hits the goblin.
The goblin dies!
The wall freezes the hound.
The hound barely misses you. Robin throws the goblin at you!
The ogre hits your crimson imp with a +0 giant spiked club!
The wall freezes the hound.
You kill the hound!
The goblin completely misses you.
The wall freezes the goblin.
You kill the goblin!
Your crimson imp blinks!
Your Spellcasting skill increases to level 5!
You have reached level 6!
Your experience leads to an increase in your attributes!
Increase (s)trength, (i)ntelligence, or (d)exterity?
You feel clever. The goblin barely misses you.
Casting: Frozen Ramparts (dangerous; 4% risk of failure)
Confirm with . or Enter, or press ? or * to list all spells.
Aiming: Freeze (safe; 1% risk of failure)
Press: ? - help, Shift-Dir - straight line, f - goblin
Aim: a goblin, wielding a +0 club (severely wounded, strong)
Okay, then.
The wall freezes Robin.
Robin closely misses you.
The wall freezes the hobgoblin.
The hobgoblin closely misses you.
The wall freezes Robin.
Robin completely misses you. The goblin barely misses you.
The wall freezes the hobgoblin.
The hobgoblin completely misses you.
The wall freezes Robin.
Robin completely misses you. The goblin misses you.
The wall freezes Robin.
Robin misses you.
The wall freezes the hobgoblin.
The hobgoblin misses you.
The wall freezes Robin.
Robin completely misses you. The goblin completely misses you.
The frozen ramparts melt away.
The hobgoblin misses you. Robin completely misses you.
The goblin closely misses you.
Casting: Freeze (safe; 1% risk of failure)
Confirm with . or Enter, or press ? or * to list all spells.
Casting: Frozen Ramparts (dangerous; 4% risk of failure)
Press: ? - help, Dir - look around, f - activate A rock wall.
The walls around you are covered in ice.
The hobgoblin no longer looks unusually strong.
The wall freezes Robin.
You kill Robin!
The wall freezes the hobgoblin.
You kill the hobgoblin!
Your crimson imp hits the ogre.
The goblin misses you.
Your crimson imp blinks!
The wall freezes the ogre.
The ogre closely misses you. The goblin completely misses you.
The wall freezes the ogre.
The ogre closely misses you. The goblin completely misses you.
The wall freezes the ogre.
The ogre misses you. The goblin barely misses you.
The wall freezes the ogre.
The ogre hits you with a +0 giant spiked club!!
Ouch! That really hurt!
You die...

##'## #)# #.#
#.# #.. #.# #.#
##.##.# #.#
..#.# ##.#
#.#.# ##.# .#.#
##.# #.# ##.#
######## ##.#
#######@)....#
#.#
.....))Og....#
#.#
.............#
#<#
...............
##.#
...............
<#.#
.......5.......
†..#
...............
.###
...............
.#
...............


You could see an ogre (ally target), a goblin (strong) and a friendly crimson
imp (summoned).

Vanquished Creatures
  An ogre (D:4)
  A hound (D:4)
  An iguana (D:4)
  Robin (D:4)
  3 adders
  A dart slug (D:2)
  7 ball pythons
  4 endoplasms
  4 giant cockroaches
  9 goblins
  5 hobgoblins (D:4)
  9 jackals
  A quokka (D:1)
  6 bats
  2 frilled lizards (D:1)
  3 kobolds (D:4)
  2 rats (D:1)
60 creatures vanquished.

Vanquished Creatures (collateral kills)
  A goblin (D:4)
1 creature vanquished.

Grand Total: 61 creatures vanquished

Notes
Turn   | Place    | Note
-------+----------+-------------------------------------------
     0 | D:1      | EnegeticOcto the Djinni Ice Elementalist began the quest
                  | for the Orb.
     0 | D:1      | Reached XP level 1. HP: 15/15 MP: 0/0
   100 | D:1      | Reached skill level 1 in Fighting
   100 | D:1      | Reached XP level 2. HP: 9/22 MP: 0/0
   391 | D:2      | Found a bloodstained altar of Trog.
   430 | D:2      | Reached skill level 4 in Spellcasting
   430 | D:2      | Reached XP level 3. HP: 16/28 MP: 0/0
   430 | D:2      | Learned a level 1 spell: Summon Small Mammal
   565 | D:2      | Reached skill level 2 in Fighting
   786 | D:4      | Noticed an ogre
   798 | D:4      | HP: 1/28 [ogre/+0 giant spiked club (19)]
   805 | D:4      | Killed an ogre
   806 | D:4      | Reached skill level 3 in Fighting
   806 | D:4      | Reached XP level 4. HP: 2/35 MP: 0/0
   806 | D:4      | Reached XP level 5. HP: 2/40 MP: 0/0
   806 | D:4      | Learned a level 2 spell: Call Imp
  1060 | D:4      | Found Deekint's Weapon Shoppe.
  1199 | D:4      | Noticed Robin
  1203 | D:4      | Noticed an ogre
  1210 | D:4      | Reached skill level 5 in Spellcasting
  1210 | D:4      | Reached XP level 6. HP: 23/47 MP: 0/0
  1215 | D:4      | Killed Robin
  1219 | D:4      | Slain by an ogre

Illustrated notes

Levels and vault maps discovered:
D:1:      dpeg_arrival_prison, layout_rooms, minmay_distorted
D:2:      layout_basic, lightli_temple_of_fire, marbit_many_paths, serial_glass,
          glass_columns_b, glass_columns_a, minmay_bisected
D:3:      layout_basic, nicolae_hepliaklqana_hippocampus,
          pdpol_wu_jian_five_deadly_venoms, lemuel_crystal_altar,
          hangedman_abyss_or_decor_lesser_grid, chequers_serial_rivers_micro_c,
          uniq_grinder, uniq_jessica
D:4:      layout_basic, minitemple, zin_angel, serial_shops,
          kennysheep_little_box, uniq_robin

Skill      XL: |  1  2  3  4  5 |
---------------+----------------+-----
Fighting       | 1 3 |  3.9
Spellcasting   | 4 5 |  5.0
Dodging        | |  2.1
Stealth        | |  1.5

Action                   |  1- 3 |  4- 6 || total
-------------------------+-------+-------++-------
Melee: Spear             |    21 |       ||    21
Throw: Boomerang         |       |    14 ||    14
 Cast: Freeze            |    42 |    19 ||    61
       Frozen Ramparts   |     3 |     3 ||     6
       Ozocubu's Armour  |       |     1 ||     1
       Call Imp          |       |     1 ||     1
Evoke: Wand              |     1 |       ||     1
  Use: Scroll            |       |     3 ||     3
Armor: Robe              |     8 |     4 ||    12
Dodge: Dodged            |    41 |    57 ||    98

Table legend: (Time is in decaauts)
 A = Elapsed time spent in this place.
 B = Non-inter-level travel time spent in this place.
 C = Inter-level travel time spent in this place.
 D = Time resting spent in this place.
 E = Time spent auto-exploring this place.
 F = Levels seen in this place.
 G = Mean time per level.
                   A        B        C        D        E       F      G
               +--------+--------+--------+--------+--------+-----+--------+
         Total |   1404 |   1404 |      0 |      0 |      0 |   4 |  351.0 |
       Dungeon |   1404 |   1404 |      0 |      0 |      0 |   4 |  351.0 |
               +--------+--------+--------+--------+--------+-----+--------+

Top non-repeatable levels by time:
     D:4: 527 daAuts
     D:2: 430 daAuts
     D:1: 407 daAuts
     D:3: 39 daAuts
